 Dungeon Crawl Stone Soup version 0.30-a0-728-gc68057be0a (webtiles) character file.

Game seed: 1786284154843610146

39953 M4edhros the Fetichist (level 14, -5/92 HPs)
             Began as an Octopode Artificer on Jan 30, 2023.
             Was the Champion of Cheibriados.
             Killed from afar by an electric eel (10 damage)
             ... with a bolt of electricity
             ... on level 3 of the Lair of Beasts on Jan 31, 2023.
             The game lasted 01:01:23 (8813 turns).

M4edhros the Fetichist (Octopode Artificer)         Turns: 8813, Time: 01:01:23

Health: -5/92      AC:  3    Str: 27    XL:     14   Next: 8%
Magic:  6/22       EV: 24    Int: 28    God:    Cheibriados [******]
Gold:   1863       SH:  0    Dex: 32    Spells: 7/24 levels left

rFire   + + .      SeeInvis .    l - +4 short sword (protect)
rCold   . . .      Faith    .    (no shield)
rNeg    + . .      Spirit   .    e - +2 hat of the Loofah {rF+}
rPois   +          Reflect  .    J - amulet of regeneration
rElec   .          Harm     .    m - ring of positive energy
rCorr   .          Rampage  .    k - ring of protection from fire
Will    +....                    v - ring of poison resistance
Stlth   ++++++                   K - ring of wizardry
HPRegen 1.15/turn                (no ring)
MPRegen 0.18/turn                (no ring)
                                 (no ring)
                                 (no ring)

@: very slow
A: almost no armour, amphibious, 8 rings, camouflage 1, gelatinous body 1,
(nimble swimmer 1), tentacles
a: Renounce Religion, Bend Time, Temporal Distortion, Slouch, Step From Time


You were on level 3 of the Lair of Beasts.
You worshipped Cheibriados.
Cheibriados was exalted by your worship.
You visited 3 branches of the dungeon, and saw 17 of its levels.
You also visited: Volcano.

You collected 2094 gold pieces.
You spent 231 gold pieces at shops.

Inventory:

Hand Weapons
 l - a +4 short sword of protection (weapon)
 G - the +3 great sword of the Riding Eel {vamp, rN+}
   (You found it on level 9 of the Dungeon)

   rN:        It protects you from negative energy.
Missiles
 a - 86 poisoned darts
 i - 3 silver javelins
 p - 2 curare-tipped darts (quivered)
 t - 2 atropa-tipped darts
 y - a throwing net
Armour
 e - the +2 hat of the Loofah (worn) {rF+}
   (You acquired it on level 1 of the Dungeon)

   rF:        It protects you from fire.
Jewellery
 k - a ring of protection from fire (right tentacle)
 m - a ring of positive energy (left tentacle)
 v - a ring of poison resistance (on tentacle)
 E - a ring of fire
 J - an amulet of regeneration (around mantle)
 K - a ring of wizardry (on tentacle)
Wands
 b - a wand of flame (3)
 c - a wand of charming (9)
 d - a wand of iceblast (26)
 n - a wand of mindburst (2)
 q - a wand of paralysis (7)
 D - a wand of polymorph (2)
 I - a wand of digging (12)
Scrolls
 g - a scroll of immolation
 j - 4 scrolls of poison
 w - 3 scrolls of fear
 B - a scroll of brand weapon
 F - 2 scrolls of enchant armour
 L - 2 scrolls of fog
Potions
 f - 5 potions of magic
 h - 3 potions of heal wounds
 o - 2 potions of attraction
 r - 2 potions of lignification
 s - 2 potions of invisibility {unknown}
 u - 2 potions of berserk rage
 x - 5 potions of curing
 A - 3 potions of mutation
 C - a potion of brilliance
 H - a potion of might {unknown}
 M - a potion of flight {unknown}
Miscellaneous
 z - a lightning rod (4/4)


   Skills:
 + Level 7.5 Fighting
 - Level 4.1 Short Blades
 + Level 9.7 Dodging
 - Level 8.0 Stealth
 - Level 5.0 Unarmed Combat
 * Level 5.5 Spellcasting
 - Level 10.0 Summonings
 - Level 2.0 Translocations
 + Level 9.3 Transmutations
 - Level 5.1 Air Magic
 - Level 5.0 Invocations
 - Level 15.0 Evocations


You had 7 spell levels left.
You knew the following spells:

 Your Spells              Type           Power      Damage    Failure   Level
a - Summon Lightning Spi  Summ/Air       50%        N/A       1%          4
b - Blink                 Tloc           38%        N/A       1%          2
c - Summon Cactus Giant   Summ           29%        N/A       6%          6
d - Blade Hands           Tmut           28%        N/A       1%          5

Your spell library contained the following spells:

 Spells                   Type           Power      Damage    Failure   Level
 Lesser Beckoning         Tloc           38%        N/A       1%          2
 Foxfire                  Conj/Fire      28%        2x1d5     2%          1
 Momentum Strike          Conj/Tloc      26%        3d8       2%          2
 Gell's Gravitas          Tloc           19%        N/A       3%          3
 Teleport Other           Tloc           19%        N/A       3%          3
 Airstrike                Air            18%        2d(3-19)  3%          4
 Scorch                   Fire           14%        2d6       4%          2
 Irradiate                Conj/Tmut      16%        3d17      11%         5
 Lightning Bolt           Conj/Air       11%        1d24      24%         5
 Flame Wave               Conj/Fire      7%         2d5       26%         4
 Dragon Form              Tmut           28%        N/A       41%         7
 Fireball                 Conj/Fire      3%         3d4       54%         5
 Storm Form               Tmut/Air       24%        N/A       69%         7
 Conjure Ball Lightning   Conj/Air       11%        3x3d6     77%         6
 Starburst                Conj/Fire      3%         6d3       98%         6
 Discord                  Hex            3%         N/A       100%        8
 Disjunction              Tloc           9%         N/A       100%        8
 Maxwell's Capacitive Co  Air            18%        ∞         100%        8


Dungeon Overview and Level Annotations

Branches:
Dungeon (12/15)              Lair (3/5) D:10            Orc (2/2) D:11
    Elf (0/3) Orc:2       Volcano (visited)
 Temple: D:4-7        Swamp: Lair:2-3    Shoals: Lair:2-3     Snake: Lair:2-3
 Spider: Lair:2-3

Altars:
Cheibriados
Fedhas
Hepliaklqana
Makhleb
Okawaru
Trog
Uskayaw
Xom

Shops:
D:2 =   D:4 *   Orc:2 !([*

Annotations:
D:5 exclusion: 3 doors
D:8 1 runed translucent door, M4edhros's ghost, novice OpAr
Lair:3 Rupert


Innate Abilities, Weirdness & Mutations

You cannot wear most types of armour.
You are amphibious.
You can wear up to eight rings at the same time.
Your skin changes colour to match your surroundings (Stealth+).
Your rubbery body absorbs attacks. (AC +1, EV +1)
((You are camouflaged when in or above water. (Stealth+)))
You have tentacles for arms and can constrict up to eight enemies at once.


Message History

The electric eel shoots out a bolt of lightning at you!
The bolt of electricity hits your lightning spire.
Your lightning spire completely resists.
The bolt of electricity misses you.
A bolt of electricity appears from out of your range of vision.
The bolt of electricity hits your cactus giant.
The bolt of electricity hits the electric eel.
The electric eel completely resists.
A bolt of electricity appears from out of your range of vision.
The bolt of electricity hits your cactus giant!
The electric eel shoots out a bolt of lightning at you!
The bolt of electricity hits your lightning spire.
Your lightning spire completely resists.
The bolt of electricity hits you!
An electric eel comes into view.
The bolt of electricity hits the electric eel.
The electric eel completely resists.
A bolt of electricity appears from out of your range of vision.
The bolt of electricity hits your cactus giant!
The electric eel shoots out a bolt of lightning at you!
The bolt of electricity hits your lightning spire.
Your lightning spire completely resists.
The bolt of electricity hits you!
The electric eel shoots out a bolt of lightning at you!
The bolt of electricity hits your lightning spire.
Your lightning spire completely resists.
The bolt of electricity hits you!
* * * LOW HITPOINT WARNING * * *
An electric eel comes into view.
The electric eel shoots out a bolt of lightning at you!
The bolt of electricity hits you!
* * * LOW HITPOINT WARNING * * *
The bolt of electricity misses you.
A glob of lava appears from out of your range of vision.
The electric eel shoots out a bolt of lightning at you!
The bolt of electricity hits you!
* * * LOW HITPOINT WARNING * * *
The electric eel shoots out a bolt of lightning at you!
The bolt of electricity hits you!
You die...

.##.......###≈≈....≈# **,,*
..........##≈≈≈≈...≈# **,*
..........##SSS..§≈§# *,,**
...........#≈...§§≈#* **,,*
..........##~..§C§#* *,,** **
.....†.....###..######***,* **,
............#.8.#....#.#*,* **,,
P..............#......##*,****,,,
..........#....#@P......****,*,,,
...C......##.....#......** *,,,,,
.........#####.#........,***,,,,,
..........# ####P......,,*,,,,,*
.........## *#P#....,,,,,,,**
.........# *##,...,,,,,,**
........P# **,##,,,,,***
.........# ***,,,,,,,,**
........P## **,,,,,,,,,,*


You could see 3 electric eels.

Vanquished Creatures
  Jorgrun (D:12)
  A fire dragon (Volcano)
  An entropy weaver (D:10)
  A hydra (Lair:2)
  Erica (D:8)
  2 two-headed ogres
  An orc high priest (Orc:2)
  Nergalle (D:10)
  A deep elf pyromancer (D:12)
  2 orc knights (Orc:2)
  An orc sorcerer (Orc:2)
  An ugly thing (D:12)
  2 cyclopes
  A nameless horror (Orc:1)
  Maurice (D:9)
  A gargoyle (D:7)
  4 unseen horrors
  A kobold demonologist (D:11)
  A troll (Orc:2)
  9 saltlings (Orc:2)
  A wyvern (D:7)
  3 shadows
  13 yaks
  4 vampires
  2 steam dragons (Volcano)
  A basilisk (Lair:1)
  5 vampire mosquitoes
  A warg (Orc:2)
  6 water moccasins
  3 hell hounds (Volcano)
  A sky beast (D:6)
  2 black bears
  4 orc warriors
  3 ogres
  2 centaurs
  2 phantoms (D:5)
  5 bullfrogs
  7 kobold brigands
  A gnoll sergeant (D:5)
  3 scorpions
  A wight (D:6)
  3 killer bees (D:10)
  9 orc priests
  3 hounds
  Ijyb (D:3)
  2 jellies
  9 orc wizards
  7 iguanas
  Robin (D:3)
  5 gnolls (D:5)
  6 adders
  3 white imps
  2 ufetubi
  A worm (D:2)
  2 dart slugs
  41 orcs
  3 bats
  5 endoplasms
  9 giant cockroaches
  6 goblins
  9 hobgoblins
  9 jackals
  32 kobolds
  9 quokkas
  2 ball pythons
  5 frilled lizards
  4 rats
  14 pillars of salt (Orc:2)
306 creatures vanquished.

Vanquished Creatures (collateral kills)
  An ettin (Orc:2)
  A hydra (Lair:2)
  3 two-headed ogres (Orc:2)
  2 boulder beetles
  4 lindwurms (Volcano)
  5 orc knights (Orc:2)
  An ugly thing (D:12)
  4 orc sorcerers
  3 cyclopes
  3 smoke demons (Volcano)
  A cane toad (Lair:2)
  A rime drake (Lair:1)
  A troll (Orc:2)
  A saltling (Orc:2)
  A shadow (D:10)
  18 yaks
  4 steam dragons (Volcano)
  A basilisk (Lair:3)
  A vampire mosquito (D:11)
  6 orc warriors
  2 ogres (Orc:1)
  5 kobold brigands
  3 killer bees (D:10)
  A howler monkey (D:10)
  2 orc priests
  4 orc wizards
  30 orcs
  4 kobolds
113 creatures vanquished.

Vanquished Creatures (others)
  A lindwurm (Volcano)
  An orc priest (D:3)
  2 fungi (D:9)
  A pillar of salt (Orc:2)
  14 plants (D:6)
19 creatures vanquished.

Grand Total: 438 creatures vanquished

Notes
Turn   | Place    | Note
-------+----------+-------------------------------------------
     0 | D:1      | M4edhros the Octopode Artificer began the quest for the
                  | Orb.
     0 | D:1      | Reached XP level 1. HP: 13/13 MP: 1/1
    71 | D:1      | Reached skill level 1 in Unarmed Combat
   106 | D:1      | You fall into a shaft and drop 1 floor!
   142 | D:2      | Reached XP level 2. HP: 15/18 MP: 2/2
   342 | D:3      | Reached XP level 3. HP: 8/23 MP: 3/3
   409 | D:3      | Found an iron altar of Okawaru.
   429 | D:3      | Noticed Ijyb
   429 | D:3      | Noticed Robin
   446 | D:3      | Killed Ijyb
   448 | D:3      | Reached XP level 4. HP: 15/28 MP: 4/4
   463 | D:3      | Killed Robin
   763 | D:4      | Reached XP level 5. HP: 31/33 MP: 5/5
   791 | D:4      | Reached skill level 5 in Unarmed Combat
   934 | D:4      | Reached skill level 1 in Short Blades
  1008 | D:4      | Found a snail-covered altar of Cheibriados.
  1034 | D:4      | Became a worshipper of Cheibriados the Contemplative
  1327 | D:4      | Found Wosum's Assorted Antiques.
  1330 | D:4      | Bought an encrusted glass wand for 92 gold pieces
  1374 | D:3      | Reached XP level 6. HP: 33/38 MP: 6/6
  1761 | D:2      | Found Folitez's One-of-a-Kind Rings.
  1797 | D:2      | Reached * piety under Cheibriados
  2065 | D:1      | Identified 2 scrolls of acquirement
  2066 | D:1      | Acquired a manual of Evocations
  2068 | D:1      | Acquired the +2 hat of the Loofah {rF+}
  2147 | D:1      | Learned a level 4 spell: Summon Lightning Spire
  2250 | D:1      | Reached ** piety under Cheibriados
  2430 | D:5      | Entered Level 5 of the Dungeon
  2438 | D:5      | Reached XP level 7. HP: 29/43 MP: 7/7
  2448 | D:5      | Reached skill level 5 in Stealth
  2448 | D:5      | Reached skill level 1 in Summonings
  2448 | D:5      | Reached skill level 1 in Air Magic
  2880 | D:5      | Noticed a yak
  2880 | D:5      | Noticed a yak
  2880 | D:5      | Noticed a yak
  2880 | D:5      | Noticed a yak
  2880 | D:5      | Noticed a yak
  2880 | D:5      | Noticed a yak
  2947 | D:5      | Reached XP level 8. HP: 34/48 MP: 8/8
  2982 | D:5      | Reached *** piety under Cheibriados
  3234 | D:6      | Reached **** piety under Cheibriados
  3573 | D:7      | Noticed a wyvern
  3579 | D:7      | Killed a wyvern
  3580 | D:7      | Reached skill level 4 in Evocations
  3580 | D:7      | Reached XP level 9. HP: 55/55 MP: 9/9
  3805 | D:7      | Noticed a gargoyle
  3815 | D:7      | Killed a gargoyle
  3816 | D:7      | Reached skill level 1 in Invocations
  3816 | D:7      | Reached skill level 5 in Evocations
  3922 | D:8      | Found a hide-covered altar of Uskayaw.
  4071 | D:8      | Reached ***** piety under Cheibriados
  4090 | D:8      | Found a runed translucent door.
  4091 | D:8      | Noticed a centaur warrior
  4092 | D:8      | Noticed M4edhros's ghost (novice OpAr)
  4105 | D:8      | Learned a level 2 spell: Blink
  4122 | D:8      | Noticed Erica
  4128 | D:8      | Killed Erica
  4129 | D:8      | Reached skill level 1 in Translocations
  4129 | D:8      | Reached skill level 7 in Evocations
  4191 | D:8      | Reached skill level 5 in Dodging
  4343 | D:9      | Found a shimmering altar of Xom.
  4401 | D:9      | Reached XP level 10. HP: 63/63 MP: 10/12
  4427 | D:9      | Found a blossoming altar of Fedhas.
  4445 | D:9      | Reached skill level 8 in Evocations
  4447 | D:9      | Identified the +3 great sword of the Riding Eel {vamp, rN+}
  4453 | D:9      | Noticed Maurice
  4462 | D:9      | Identified the +1 helmet "Nunadec" {Dex+2}
  4465 | D:9      | Killed Maurice
  4650 | D:9      | Found a hazy altar of Hepliaklqana.
  4660 | D:10     | Entered Level 10 of the Dungeon
  4666 | D:10     | Found a staircase to the Lair.
  4688 | D:10     | Found a bloodstained altar of Trog.
  4697 | D:10     | Noticed a two-headed ogre
  4711 | D:10     | Killed a two-headed ogre
  4786 | D:10     | Reached skill level 9 in Evocations
  4797 | D:10     | Reached skill level 5 in Air Magic
  4801 | D:10     | Reached skill level 5 in Summonings
  4862 | D:10     | Found a burning altar of Makhleb.
  4977 | D:10     | Reached skill level 1 in Spellcasting
  4977 | D:10     | Reached skill level 10 in Evocations
  4987 | D:10     | Reached skill level 5 in Fighting
  5074 | D:10     | Reached XP level 11. HP: 71/71 MP: 14/14
  5107 | D:10     | Noticed an entropy weaver
  5113 | D:10     | Killed an entropy weaver
  5114 | D:10     | Reached skill level 5 in Invocations
  5134 | D:11     | Noticed a cyclops
  5300 | D:11     | Noticed Nergalle
  5311 | D:10     | Killed Nergalle
  5354 | D:11     | Killed a cyclops
  5470 | D:11     | Learned a level 6 spell: Summon Cactus Giant
  5520 | D:11     | Found a staircase to the Orcish Mines.
  5592 | D:11     | Noticed a cyclops
  5601 | D:11     | Killed a cyclops
  5640 | D:11     | Reached skill level 5 in Spellcasting
  5704 | D:12     | Noticed a nameless horror
  5752 | D:12     | Noticed a boulder beetle
  5762 | D:12     | Killed a boulder beetle
  5780 | D:12     | Noticed a red ugly thing
  5791 | D:12     | Killed a red ugly thing
  5818 | D:12     | Noticed a deep elf pyromancer
  5825 | D:12     | Killed a deep elf pyromancer
  5826 | D:12     | Reached XP level 12. HP: 77/77 MP: 17/19
  5837 | D:12     | Learned a level 5 spell: Blade Hands
  5977 | D:12     | Noticed Jorgrun
  5996 | D:12     | Killed Jorgrun
  5997 | D:12     | Reached skill level 10 in Summonings
  6149 | Orc:1    | Entered Level 1 of the Orcish Mines
  6329 | Orc:2    | Entered Level 2 of the Orcish Mines
  6404 | Orc:2    | Found a staircase to the Elven Halls.
  6462 | Orc:2    | Paralysed by an orc sorcerer for 5 turns
  6483 | Orc:2    | Paralysed by an orc sorcerer for 4 turns
  6489 | Orc:2    | Reached skill level 5 in Transmutations
  6704 | Orc:2    | Reached skill level 11 in Evocations
  6769 | Orc:2    | Noticed an ettin
  6779 | Orc:2    | Killed an ettin
  6914 | Orc:2    | Noticed a two-headed ogre
  6916 | Orc:2    | Noticed a two-headed ogre
  6923 | Orc:2    | Killed a two-headed ogre
  6923 | Orc:2    | Killed a two-headed ogre
  6924 | Orc:2    | Reached skill level 12 in Evocations
  6937 | Orc:2    | Reached XP level 13. HP: 71/81 MP: 5/20
  7003 | Orc:2    | Reached skill level 13 in Evocations
  7007 | Orc:2    | Found Meufyd's General Store.
  7013 | Orc:2    | Bought a scroll of immolation for 64 gold pieces
  7131 | Orc:2    | Found Mimoocsa's Weapon Boutique.
  7133 | Orc:2    | Found Yloegrug's Distillery.
  7138 | Orc:2    | Bought a potion of heal wounds for 75 gold pieces
  7161 | Orc:2    | Reached skill level 14 in Evocations
  7174 | Orc:2    | Found Zuosaug's Armour Shop.
  7255 | Orc:1    | Reached ****** piety under Cheibriados
  7678 | Lair:1   | Entered Level 1 of the Lair of Beasts
  7809 | Lair:1   | Reached skill level 15 in Evocations
  7900 | Lair:3   | Noticed Rupert
  8233 | Lair:3   | Found a dark tunnel.
  8238 | Volcano  | Entered a volcano
  8418 | Volcano  | Noticed a fire dragon
  8428 | Volcano  | Killed a fire dragon
  8619 | Lair:2   | Reached XP level 14. HP: 76/92 MP: 9/21
  8813 | Lair:3   | Killed from afar by an electric eel

Illustrated notes

Levels and vault maps discovered:
D:1:      sevenhm_arrival_forest_fort_large_4, layout_loops_corners
D:2:      cheibrodos_pilgrimage, layout_basic, nicolae_shop_unique_rings,
          uniq_crazy_yiuf_cottage
D:3:      layout_basic, mainiacjoe_overflow_surrounded_room,
          dreamdust_princess_bridge, nicolae_goblin_pals, uniq_robin
D:4:      layout_loops_ring, kennysheep_orc_sif_temple, kennysheep_mini,
          serial_shops, nicolae_shop_behind_doors
D:5:      layout_loops_corners, dk_noncrumbling_3, chequers_mini_garden,
          minmay_misc_feat_x
D:6:      kennysheep_kobold_camp, layout_gridville,
          minmay_temple_entry_poolview, dk_vineyard_2, grunt_ministairs_9
D:7:      layout_gridville
D:8:      layout_loops_ring, nicolae_uskayaw_suspiria,
          gammafunk_temple_overflow_elements, ebering_ghost_inner_flame,
          uniq_amaemon, uniq_erica
D:9:      layout_basic, nicolae_overflow_hidden_temple,
          mainiacjoe_overflow_cross_hatched, mainiacjoe_overflow_brackets,
          worldfamousw_hep_ancestral_shrine, uniq_maurice
D:10:     layout_long_grid, amcnicky_altar_gilded, mainiacjoe_overflow_alcove_4,
          lair_entry_dummy, grunt_ministairs_10
D:11:     layout_cave_pools, hiddenorc1_lemuel, special_room
          [special_room_kobold], uniq_nergalle
D:12:     layout_irregular_city, uniq_jorgrun
Lair:1:   layout_cave_pods, grunt_megastairs_5, lemuel_fruit_tree,
          serial_bayou_shore_b, uniq_harold
Lair:2:   layout_regular_city, minmay_swamp_entry_worms,
          spider_nest_entry_rubble
Lair:3:   layout_hall_layers, nicolae_volcano_entry_s_turn,
          nicolae_lair_liquid_snakes, uniq_rupert
Orc:1:    layout_diamond_mine, basic_altar, nicolae_orc_lava_room
Orc:2:    hellmonk_orc_salted, layout_caves

Skill      XL: |  1  2  3  4  5  6  7  8  9 10 11 12 13 |
---------------+----------------------------------------+-----
Unarmed Combat | 1 2 3 4 5 |  5.0
Short Blades   | 1 3 4 |  4.1
Stealth        | 2 4 6 7 8 |  8.0
Summonings     | 1 3 4 5 8 10 | 10.0
Air Magic      | 1 3 4 5 |  5.1
Dodging        | 4 5 6 8 9 |  9.7
Fighting       | 2 3 5 7 |  7.5
Evocations     | 4 7 10 12 15 | 15.0
Invocations    | 2 4 5 |  5.0
Translocations | 1 2 |  2.0
Spellcasting   | 2 5 |  5.5
Transmutations | 7 9 |  9.3

Action                     |  1- 3 |  4- 6 |  7- 9 | 10-12 | 13-15 || total
---------------------------+-------+-------+-------+-------+-------++-------
  Melee: Unarmed           |    43 |    61 |       |       |       ||   104
         Constrict         |    10 |    35 |    62 |    38 |    22 ||   167
         Tentacles         |     9 |    28 |    57 |    84 |    48 ||   226
         Punch             |     1 |     7 |     9 |    18 |    11 ||    46
         Short sword       |       |    94 |   215 |   235 |   168 ||   712
  Throw: Dart              |       |       |       |    10 |       ||    10
   Cast: Summon Lightning  |       |       |       |    44 |    28 ||    72
         Summon Cactus Gia |       |       |       |    14 |    25 ||    39
         Blink             |       |       |       |       |     1 ||     1
 Invoke: Slouch            |       |       |       |     4 |       ||     4
  Evoke: Wand              |     7 |     2 |    17 |    14 |     8 ||    48
    Use: Potion            |     1 |       |     1 |     5 |     1 ||     8
         Scroll            |       |     7 |     4 |    17 |     3 ||    31
   Stab: Sleeping          |     2 |    12 |    11 |     7 |     5 ||    37
         Distracted        |       |       |     2 |     6 |     9 ||    17
         Paralysed         |       |       |     1 |     3 |       ||     4
 Armour: Skin              |    17 |    34 |    55 |    39 |    23 ||   168
  Dodge: Dodged            |    35 |    85 |   141 |   213 |   227 ||   701

Table legend: (Time is in decaauts)
 A = Elapsed time spent in this place.
 B = Non-inter-level travel time spent in this place.
 C = Inter-level travel time spent in this place.
 D = Time resting spent in this place.
 E = Time spent auto-exploring this place.
 F = Levels seen in this place.
 G = Mean time per level.
                   A        B        C        D        E       F      G
               +--------+--------+--------+--------+--------+-----+--------+
         Total |  13251 |  11447 |   1804 |    133 |   1283 |  18 |  736.2 |
       Dungeon |   8832 |   7493 |   1339 |    133 |    998 |  12 |  736.0 |
          Lair |   1523 |   1427 |     96 |      0 |      0 |   3 |  507.7 |
  Orcish Mines |   2443 |   2075 |    368 |      0 |    269 |   2 | 1221.5 |
       Volcano |    451 |    451 |      0 |      0 |     16 |   1 |  451.0 |
               +--------+--------+--------+--------+--------+-----+--------+

Top non-repeatable levels by time:
   Orc:2: 1631 daAuts
    D:10: 966 daAuts
    D:11: 963 daAuts
     D:6: 863 daAuts
     D:3: 836 daAuts
     D:5: 812 daAuts
   Orc:1: 812 daAuts
     D:4: 696 daAuts
  Lair:2: 684 daAuts
     D:2: 667 daAuts
     D:8: 640 daAuts
     D:1: 630 daAuts
     D:9: 618 daAuts
     D:7: 584 daAuts
    D:12: 552 daAuts
